 Dungeon Crawl Stone Soup version 0.25.0-65-g31bcc41 (webtiles) character file.

2502 Dorkslayer the Protected (level 9, 0/56 HPs)
             Began as a Gargoyle Fighter on Nov 6, 2020.
             Was a Follower of Okawaru.
             Slain by a wolf spider (10 damage)
             ... on level 1 of the Dungeon.
             The game lasted 00:06:22 (1640 turns).

Dorkslayer the Protected (Gargoyle Fighter)         Turns: 1640, Time: 00:06:22

Health: 0/56       AC: 20    Str: 27    XL:     9   Next: 53%
Magic:  0/19       EV:  7    Int: 10    God:    Okawaru [*.....]
Gold:   119        SH: 11    Dex:  9    Spells: 8/8 levels left

rFire    . . .     SeeInvis .   a - +0 long sword
rCold    . . .     Gourm    .   c - +0 shield
rNeg     + . .     Faith    .   n - +0 chain mail
rPois    ∞         Spirit   +   e - +2 helmet
rElec    +         Reflect  .   u - scarf {Spirit}
rCorr    .         Harm     .   (no gloves)
MR       .....                  (no boots)
Stlth    ..........             (no amulet)
HPRegen  0.18/turn              p - ring of magical power
MPRegen  0.16/turn              (no ring)

@: mighty, very slightly contaminated, hasted, invisible, very quick
A: negative energy resistance 1, electricity resistance, unbreathing,
petrification resistance, rot immunity, AC +6
a: Heroism, Renounce Religion


You were on level 1 of the Dungeon.
You worshipped Okawaru.
Okawaru was aware of your devotion.
You were not hungry.

You visited 2 branches of the dungeon, and saw 3 of its levels.

You collected 119 gold pieces.

Inventory:

Hand Weapons
 a - a +0 long sword (weapon)
Missiles
 b - 2 throwing nets
 l - 4 curare-tipped needles (quivered)
Armour
 c - a +0 shield (worn)
 e - a +2 helmet (worn)
 n - a +0 chain mail (worn)
 u - a scarf of spirit shield (worn)
Jewellery
 p - a ring of magical power (left hand)
Scrolls
 k - a scroll of fog {unknown}
 m - a scroll of blinking {unknown}
 q - a scroll of remove curse {unknown}
 s - a scroll of noise {unknown}
Potions
 g - a potion of flight
 i - a potion of brilliance
 j - 2 potions of curing
 o - a potion of haste
 r - a potion of heal wounds {unknown}
 t - a potion of lignification {unknown}
 v - a potion of resistance
Comestibles
 f - 2 rations


   Skills:
 + Level 6.4 Fighting
 + Level 5.2 Long Blades
 * Level 3.3 Throwing
 + Level 8.0 Armour
 + Level 1.8 Dodging
 + Level 1.0 Stealth
 + Level 6.8 Shields
 * Level 2.1 Invocations


You had 8 spell levels left.
You didn't know any spells.
Your spell library was empty.

Dungeon Overview and Level Annotations

Branches:
Dungeon (2/3)              Temple (1/1) D:1
  Swamp: D:2-3       Shoals: D:2-3        Snake: D:2-3       Spider: D:2-3
  Slime: D:2-3          Orc: D:2         Vaults: D:2-3

Altars:
Ashenzari
Cheibriados
Dithmenos
Elyvilon
Fedhas
Gozag
Hepliaklqana
Kikubaaqudgha
Makhleb
Nemelex Xobeh
Okawaru
Qazlal
Ru
Sif Muna
Trog
Uskayaw
Vehumet
Wu Jian
Xom
Yredelemnul
Zin
The Shining One


Innate Abilities, Weirdness & Mutations

You are resistant to torment.
Your stone body is resilient. (AC +6)
You are immune to poison.
You resist negative energy. (rN+)
You are resistant to electric shocks. (rElec)
You can survive without breathing.
You are immune to petrification.
You are immune to rotting.


Message History

The wolf spider bites you but does no damage.
A crimson imp comes into view.
It is carrying a wand of enslavement (9).
The orc warrior hits you with a +0 halberd.
The crimson imp shouts!
The wolf spider hits you!
* * * LOW HITPOINT WARNING * * *
The wolf spider bites you but does no damage.
The orc wizard gestures at you while chanting.
The puff of frost hits the orc priest.
You climb upwards.
There is a stone staircase leading down here.
Unknown command.
You slash the wolf spider!
The wolf spider is lightly wounded.
The wolf spider hits you but does no damage.
The wolf spider bites you but does no damage.
You slash the wolf spider!
The wolf spider is moderately wounded.
The wolf spider hits you!
You die...

#### #..######♣.♣♣♣♣♣...♣ #######
#.......'.........<♣ #......
##.######♣♣♣♣♣♣♣♣♣♣♣ #.#####
###.# #...... #...# ### #.#####
#.#.# ##.## #.# #..
#####...########.#.## #.# #.#
..............os###.# #.###.#
#####.....######@#.########......
##...## ##.........#####.# ##.##
#..######.# #.# #.# #.># #.# #.#
#.# #..#### #.# #.. ### ##+##
#.....# #.# ##. ..# ##...##
##.##.# #.# #. #.###.....##
##.##.# #.# ##. #.##.......##
##..##.###.#####..


You could see a wolf spider and an orc warrior.

Vanquished Creatures
  A shadow (D:2)
  A wyvern (D:1)
  A sky beast (D:1)
  A bullfrog (D:1)
  A worker ant (D:1)
  2 orcs
  A quokka (D:1)
  A quokka zombie (D:1)
9 creatures vanquished.

Notes
Turn   | Place    | Note
-------+----------+-------------------------------------------
     0 | D:1      | Dorkslayer the Gargoyle Fighter began the quest for the
                  | Orb.
     0 | D:1      | Reached XP level 1. HP: 14/14 MP: 1/1
   181 | D:1      | Reached XP level 2. HP: 18/19 MP: 2/2
   195 | D:1      | Noticed a sky beast
   241 | D:1      | Killed a sky beast
   241 | D:1      | Reached skill level 5 in Fighting
   241 | D:1      | Reached skill level 5 in Armour
   241 | D:1      | Reached skill level 5 in Shields
   241 | D:1      | Reached XP level 3. HP: 8/26 MP: 3/3
   241 | D:1      | Reached XP level 4. HP: 10/31 MP: 4/4
   241 | D:1      | Reached XP level 5. HP: 11/35 MP: 5/5
   241 | D:1      | Reached XP level 6. HP: 13/40 MP: 6/6
   241 | D:1      | Reached XP level 7. HP: 14/44 MP: 7/7
   596 | D:1      | Reached skill level 6 in Armour
   607 | D:1      | Found a blossoming altar of Fedhas.
   626 | D:1      | Found a staircase to the Ecumenical Temple.
   636 | Temple   | Entered the Ecumenical Temple
   692 | Temple   | Became a worshipper of Warmaster Okawaru
  1208 | D:1      | Reached XP level 8. HP: 50/50 MP: 8/8
  1342 | D:2      | Noticed a wyvern
  1367 | D:1      | Killed a wyvern
  1367 | D:1      | Reached skill level 7 in Armour
  1367 | D:1      | Reached skill level 1 in Dodging
  1367 | D:1      | Reached XP level 9. HP: 11/55 MP: 2/9
  1611 | D:2      | Noticed a komodo dragon
  1611 | D:2      | Noticed a wolf spider
  1625 | D:2      | Reached * piety under Okawaru
  1625 | D:2      | Reached skill level 5 in Long Blades
  1625 | D:2      | Reached skill level 8 in Armour
  1625 | D:2      | Reached skill level 1 in Stealth
  1640 | D:1      | Slain by a wolf spider

Skill      XL: |  1  2  3  4  5  6  7  8  9 |
---------------+----------------------------+-----
Fighting       | 5 6 |  6.4
Long Blades    | 3 4 5 |  5.2
Armour         | 5 6 7 8 |  8.0
Shields        | 5 6 |  6.8
Throwing       | 2 3 |  3.3
Dodging        | 1 |  1.8
Stealth        | 1 |  1.0
Invocations    | 2 |  2.1

Action                   |  1- 3 |  4- 6 |  7- 9 || total
-------------------------+-------+-------+-------++-------
Melee: Long sword        |    35 |       |    56 ||    91
  Use: Potion            |     1 |       |     4 ||     5
       Scroll            |       |       |     6 ||     6
 Stab: Invisible         |       |       |     2 ||     2
  Eat: Ration            |       |       |     1 ||     1
Armor: Scale mail        |    28 |       |     6 ||    34
       Chain mail        |       |       |    32 ||    32
Dodge: Dodged            |     3 |       |     7 ||    10
Block: Shield            |    13 |       |    33 ||    46
       Rpst.: Long sword |       |       |     3 ||     3
